 Dungeon Crawl Stone Soup version 0.29.1-15-g9cfb28693d (webtiles) character file.

Game seed: 15094326249329545359

21 112233 the Firebug (level 2, -1/17 HPs)
             Began as an Octopode Fire Elementalist on Feb 25, 2023.
             Succumbed to an adder's poison
             ... on level 3 of the Dungeon.
             The game lasted 00:02:16 (1535 turns).

112233 the Firebug (Octopode Fire Elementalist)     Turns: 1535, Time: 00:02:16

Health: -1/17      AC:  1    Str:  7    XL:     2   Next: 87%
Magic:  2/5        EV: 13    Int: 17    God:
Gold:   58         SH:  0    Dex: 12    Spells: 3/6 levels left

rFire   + . .      SeeInvis .   (no weapon)
rCold   + + .      Faith    .   (no shield)
rNeg    . . .      Spirit   .   (helmet restricted)
rPois   +          Reflect  .   (no amulet)
rElec   +          Harm     .   (no ring)
rCorr   +          Rampage  .   (no ring)
Will    .....                   (no ring)
Stlth   +++.......              (no ring)
HPRegen 0.05/turn               (no ring)
MPRegen 0.09/turn               (no ring)
                                (no ring)
                                (no ring)

@: lethally poisoned (-1 -> -11), resistant
A: almost no armour, amphibious, 8 rings, camouflage 1, gelatinous body 1,
(nimble swimmer 1), tentacles, antennae 1, cold resistance 1
a: no special abilities


You were on level 3 of the Dungeon.
You visited 1 branch of the dungeon, and saw 3 of its levels.

You collected 58 gold pieces.

Inventory:

Scrolls
 c - a scroll of fear {unknown}
 d - 2 scrolls of enchant weapon {unknown}
 e - a scroll of identify {unknown}
Potions
 b - a potion of resistance
 f - a potion of curing {unknown}
 g - a potion of invisibility {unknown}
 h - a potion of lignification {unknown}
 i - a potion of mutation
 j - a potion of berserk rage {unknown}


   Skills:
 + Level 0.2 Fighting
 - Level 2.0 Dodging
 + Level 2.9 Stealth
 + Level 2.7 Spellcasting
 + Level 1.2 Conjurations
 - Level 3.0 Fire Magic


You had 3 spell levels left.
You knew the following spells:

 Your Spells              Type           Power      Damage    Failure   Level
a - Foxfire               Conj/Fire      36%        2x1d5     8%          1
b - Scorch                Fire           24%        2d6       8%          2

Your spell library contained the following spells:

 Spells                   Type           Power      Damage    Failure   Level
 Conjure Flame            Conj/Fire      9%         6-21      22%         3
 Inner Flame              Hex/Fire       7%         N/A       28%         3
 Flame Wave               Conj/Fire      9%         2d6       58%         4


Dungeon Overview and Level Annotations

Branches:
Dungeon (2/15)

Altars:

Shops:
D:1 :


Innate Abilities, Weirdness & Mutations

You cannot wear most types of armour.
You are amphibious.
You can wear up to eight rings at the same time.
Your skin changes colour to match your surroundings (Stealth+).
Your rubbery body absorbs attacks. (AC +1, EV +1)
((You are camouflaged when in or above water. (Stealth+)))
You have tentacles for arms and can constrict up to eight enemies at once.
You have a pair of small antennae on your head.
Your flesh is cold resistant. (rC+)


Message History

It was a potion of resistance.
You feel protected. The adder misses you.
Unknown command.
You closely miss the adder. Your grab misses the adder.
The adder is heavily wounded.
The adder is no longer more vulnerable to fire.
The adder completely misses you.
Unknown command.
You closely miss the adder. Your grab misses the adder.
Your squeeze misses the adder.
The adder is heavily wounded.
The adder barely misses you. The adder completely misses you.
You miss the adder. Your grab misses the adder. Your squeeze misses the adder.
The adder is heavily wounded.
The adder bites you. Magic courses through your body.
The adder barely misses you.
Casting: Scorch (safe; 8% risk of failure)
Confirm with . or Enter, or press ? or * to list all spells.
Flames lash the jackal.
The jackal is severely wounded.
The jackal's fire resistance burns away.
The adder bites you.
You are poisoned.
The adder poisons you! The adder bites you but does no damage.
You feel sick. The adder bites you.
Casting: Scorch (safe; 8% risk of failure)
Confirm with . or Enter, or press ? or * to list all spells.
Flames lash the jackal.
The jackal is burned terribly!
You kill the jackal!
You feel sick. The adder bites you.
* * * LOW HITPOINT WARNING * * *
You feel sick. The adder bites you.
* * * LOW HITPOINT WARNING * * *
You are more poisoned.
The adder poisons you!
Unknown command.
It was a potion of mutation.
You feel extremely strange. A pair of antennae grows on your head!
You feel resistant to cold.
You die...

>##.##############
..†....h...h..h..#
.....#########S#.#
..h #@#.# .
########.#
#........#
#.########
#####.#############
#.................#
#.###.###########.#
#.# #.# #.# #.#


You could see an adder and a jackal.

Vanquished Creatures
  A dart slug (D:1)
  2 bats
  2 endoplasms
  A goblin (D:1)
  A hobgoblin (D:1)
  5 jackals
  A quokka (D:1)
  2 ball pythons
  A frilled lizard (D:2)
  A rat (D:1)
17 creatures vanquished.

Vanquished Creatures (others)
  42 foxfires
42 creatures vanquished.

Grand Total: 59 creatures vanquished

Notes
Turn   | Place    | Note
-------+----------+-------------------------------------------
     0 | D:1      | 112233 the Octopode Fire Elementalist began the quest for
                  | the Orb.
     0 | D:1      | Reached XP level 1. HP: 11/11 MP: 3/3
   115 | D:1      | Found Derufaem's Book Shoppe.
   268 | D:1      | Reached XP level 2. HP: 17/17 MP: 1/5
   483 | D:1      | Learned a level 2 spell: Scorch
  1437 | D:2      | You fall into a shaft and drop 1 floor!
  1535 | D:3      | Gained mutation: You have a pair of small antennae on your
                  | head. [potion of mutation]
  1535 | D:3      | Gained mutation: Your flesh is cold resistant. (rC+)
                  | [potion of mutation]
  1535 | D:3      | Succumbed to an adder's poison

Illustrated notes

Levels and vault maps discovered:
D:1:      lightli_arrival_statuegarden, layout_loops_corners, serial_shops,
          nicolae_shop_competitors_out_of_business
D:2:      layout_loops_cross, basic_altar, ebering_ecumenical_altar_ruins,
          dk_noncrumbling_2, minmay_distorted
D:3:      lemuel_castle_with_subvaults [lemuel_castle_interior_original],
          layout_basic, lemuel_blue_sif_altar, amethyst_overflow_temple_binary,
          roderic_batcave

Action                   || total
-------------------------++-------
Melee: Unarmed           ||     4
 Cast: Foxfire           ||    30
       Scorch            ||     5
  Use: Potion            ||     3
Armor: Skin              ||     2
Dodge: Dodged            ||    17
